 Dungeon Crawl Stone Soup version 0.19.5 (webtiles) character file.

77 Firecrotchwizard the Ruffian (level 4, -1/45 HPs)
             Began as a Troll Monk on Apr 6, 2017.
             Slain by a hobgoblin (3 damage)
             ... on level 3 of the Dungeon.
             The game lasted 00:02:55 (1519 turns).

Firecrotchwizard the Ruffian (Troll Monk)           Turns: 1519, Time: 00:02:55

Health: -1/45      AC:  6    Str: 19    XL:     4   Next: 13%
Magic:  3/3        EV: 11    Int:  6    God:
Gold:   85         SH:  0    Dex: 13    Spells: 0 memorised, 3 levels left

rFire  . . .     SeeInvis .       - Unarmed
rCold  . . .     Gourm    +     a - +1 robe
rNeg   . . .     Faith    .     (no shield)
rPois  .         Spirit   .     (helmet restricted)
rElec  .         Reflect  .     (no cloak)
rCorr  .         Harm     .     (gloves unavailable)
MR     .....                    (boots unavailable)
Stlth  ++........               (no amulet)
                                (no ring)
                                (no ring)

@: no status effects
A: unfitting armour, claws 3, fast metabolism 3, gourmand, regeneration 1,
shaggy fur 1, tough skin 2
a: no special abilities


You were on level 3 of the Dungeon.
You were full.

You visited 1 branch of the dungeon, and saw 3 of its levels.

You collected 85 gold pieces.

Inventory:

Missiles
 g - 4 large rocks (quivered)
Armour
 a - a +1 robe (worn)
Scrolls
 e - a scroll of magic mapping {unknown}
 i - a scroll of identify {unknown}
Potions
 d - 2 potions of haste {unknown}
 j - 3 potions of curing {unknown}
Comestibles
 b - 4 bread rations
 c - 2 meat rations
 h - 2 slices of pizza


   Skills:
 + Level 3.0 Fighting
 + Level 0.1 Throwing
 + Level 3.0 Dodging
 - Level 1.0 Stealth
 * Level 3.9 Unarmed Combat


You had 3 spell levels left.
You didn't know any spells.

Dungeon Overview and Level Annotations

Branches:
Dungeon (3/15)

Altars:


Innate Abilities, Weirdness & Mutations

You are too large for most types of armour.
You have claws for hands.
Your metabolism is lightning-fast.
You like to eat raw meat.
Your natural rate of healing is unusually fast.
You are covered in fur. (AC +1)
You have very tough skin. (AC +2)


Message History

The hobgoblin barely misses you.
The hobgoblin hits you but does no damage.
Throwing (i - inventory):
g - 4 large rocks (quivered)
Press: ? - help, Shift-Dir - straight line, f/p - ogre
Aim: an ogre, wielding a giant club (moderately wounded)
Okay, then.
You scratch the ogre.
The ogre is moderately wounded.
The hobgoblin hits you but does no damage.
The hobgoblin barely misses you. The ogre hits you with a giant club!!
Ouch! That really hurt!
You claw the ogre!
The ogre is almost dead.
The hobgoblin closely misses you. The hobgoblin barely misses you.
The ogre hits you with a giant club!!
* * * LOW HITPOINT WARNING * * *
You scratch the ogre.
The ogre is almost dead.
The hobgoblin closely misses you. The hobgoblin hits you.
You die...

... ..# . #.# #
#. #.# ###.# #.
#.###<..#
#.#+#....#......
#.#....##.#
..... #.....##.#
.... #.#..g@##.#
... .#.>.O†g#.#
.. #.#(#...#.# .
#...#......#
.....#.##..#
.$..##. ... ....
#. .... .. #.
.....


You could see an ogre and 2 hobgoblins.

Vanquished Creatures
  A gnoll (D:1)
  3 adders (D:2)
  2 worms
  3 leopard geckos
  2 giant cockroaches
  A goblin (D:2)
  5 hobgoblins (D:1)
  2 jackals (D:1)
  2 bats (D:1)
  2 frilled lizards (D:2)
  5 kobolds
  5 rats (D:1)
33 creatures vanquished.

Notes
Turn   | Place    | Note
-------+----------+-------------------------------------------
     0 | D:1      | Firecrotchwizard the Troll Monk began the quest for the Orb.
     0 | D:1      | Reached XP level 1. HP: 22/22 MP: 0/0
   119 | D:1      | Reached XP level 2. HP: 26/29 MP: 1/1
   453 | D:1      | Reached XP level 3. HP: 36/36 MP: 2/2
  1101 | D:2      | Found a faded altar of an unknown god.
  1107 | D:2      | Reached XP level 4. HP: 44/44 MP: 3/3
  1512 | D:3      | Noticed an ogre
  1518 | D:3      | HP: 1/45 [ogre/giant club (19)]
  1519 | D:3      | Slain by a hobgoblin

Skill      XL: |  1  2  3  4 |
---------------+-------------+-----
Dodging        | 3 |  3.0
Fighting       | 3 |  3.0
Throwing       | |  0.1
Stealth        | |  1.0
Unarmed Combat | |  3.9

Action                   |  1- 3 |  4- 6 || total
-------------------------+-------+-------++-------
Melee: Unarmed           |   110 |    23 ||   133
Throw: Large rock        |       |     1 ||     1
  Use: Scroll            |     3 |     1 ||     4
 Stab: Sleeping          |     6 |       ||     6
  Eat: Chunk             |    14 |     2 ||    16
Armor: Robe              |    35 |     7 ||    42
Dodge: Dodged            |    57 |    11 ||    68
